 Dungeon Crawl Stone Soup version 0.31-a0-986-g5e6e4ef867 (webtiles) character file.

Game seed: 3483670352100801568

39759 grandjackal the Impassioned (level 13, 0/112 HPs)
             Began as a Demonspawn Gladiator on Nov 17, 2023.
             Was an Elder of Uskayaw.
             Slain by a sea snake (9 damage)
             ... on level 5 of the Lair of Beasts.
             The game lasted 00:21:01 (18380 turns).

grandjackal the Impassioned (Demonspawn Gladiator) Turns: 18380, Time: 00:21:02

Health: 0/112      AC: 11    Str: 18    XL:     13   Next: 70%
Magic:  25/25      EV: 12    Int: 13    God:    Uskayaw [****..]
Gold:   1433       SH:  5    Dex: 16    Spells: 12/12 levels left

rFire   . . .        D - +5 dagger (venom)
rCold   + . .        Q - +0 buckler {reflect}
rNeg    + . .        u - +4 ring mail "Jypapn Satum" {rC+ Int+3}
rPois   .            (helmet restricted)
rElec   .            W - +0 cloak
rCorr   .            (no gloves)
SInv    .            K - +0 pair of boots
Will    +....        V - amulet of regeneration
Stlth   +            g - ring of positive energy
HPRegen 1.18/turn    (no ring)
MPRegen 0.19/turn

%: reflection
@: mighty, enlightened, flying
A: horns 1, powered by pain 2, spiny 3
a: Renounce Religion, Stomp, Line Pass


You were on level 5 of the Lair of Beasts.
You worshipped Uskayaw.
Uskayaw was most pleased with you.
You visited 3 branches of the dungeon, and saw 19 of its levels.

You collected 1433 gold pieces.

Inventory:

Hand Weapons
 a - a +0 long sword
 D - a +5 dagger of venom (weapon)
Missiles
 b - 2 atropa-tipped darts
 e - 10 javelins
 f - 185 stones
 l - 41 poisoned darts
 o - 6 darts of dispersal
 E - 2 curare-tipped darts
 N - 6 silver javelins
Armour
 u - the +4 ring mail "Jypapn Satum" (worn) {rC+ Int+3}
   (You found it on level 3 of the Dungeon)

   Int+3:     It affects your intelligence (+3).
   rC+:       It protects you from cold.
 K - a +0 pair of boots (worn)
 O - a +3 scale mail of fire resistance
 Q - a +0 buckler of reflection (worn)
 W - a +0 cloak (worn)
Jewellery
 d - a ring of ice
 g - a ring of positive energy (left hand)
 I - the ring "Etwahox" {Fly rElec Str-4 Stlth+}
   (You found it on level 2 of the Lair of Beasts)

   [ring of flight]

   Str-4:     It affects your strength (-4).
   rElec:     It insulates you from electricity.
   Fly:       It grants you flight.
   Stlth+:    It makes you more stealthy.
 R - an amulet of the acrobat
 U - a ring of ice
 V - an amulet of regeneration (around neck)
Wands
 w - a wand of paralysis (8)
 B - a wand of flame (3)
 T - a wand of quicksilver (4)
Scrolls
 c - 6 scrolls of teleportation
 h - 2 scrolls of amnesia {unknown}
 i - 2 scrolls of butterflies {unknown}
 k - 3 scrolls of immolation {unknown}
 m - 6 scrolls of enchant weapon
 p - 3 scrolls of fear {unknown}
 s - 3 scrolls of poison {unknown}
 x - 3 scrolls of enchant armour {unknown}
 y - 2 scrolls of blinking
 z - 3 scrolls of brand weapon {unknown}
 G - 2 scrolls of vulnerability {unknown}
 H - a scroll of revelation {unknown}
 J - a scroll of silence
 M - 3 scrolls of fog
Potions
 j - 2 potions of haste
 n - 4 potions of heal wounds
 q - 3 potions of mutation
 r - 6 potions of cancellation
 v - 12 potions of curing
 A - 3 potions of invisibility
 C - 2 potions of ambrosia
 F - 5 potions of resistance
 L - a potion of berserk rage {unknown}
 P - 2 potions of attraction
 S - a potion of magic


   Skills:
 + Level 13.7 Fighting
 + Level 12.7 Long Blades
 - Level 2.1 Throwing
 - Level 5.0 Dodging
 - Level 4.0 Shields
 + Level 16.7 Invocations


You had 12 spell levels left.
You didn't know any spells.
Your spell library contained the following spells:

 Spells                   Type           Power      Damage    Failure   Level
 Kiss of Death            Conj/Necr      0%         2d5       56%         1
 Necrotise                Necr           0%         1d4       56%         1
 Ensorcelled Hibernation  Hex/Ice        0%         N/A       71%         2
 Jinxbite                 Hex            0%         N/A       71%         2
 Confusing Touch          Hex            0%         N/A       91%         3
 Ignite Poison            Fire/Tmut/Pois 0%         N/A       91%         3
 Tukima's Dance           Hex            0%         N/A       91%         3
 Vampiric Draining        Necr           0%         2d6       91%         3
 Anguish                  Hex/Necr       0%         N/A       100%        4
 Dispel Undead            Necr           0%         3d6       100%        4
 Passage of Golubria      Tloc           0%         N/A       100%        4
 Sticky Flame             Conj/Fire      0%         2d3       100%        4
 Agony                    Necr           0%         N/A       100%        5
 Yara's Violent Unravell  Hex/Tmut       0%         3d3       100%        5
 Conjure Ball Lightning   Conj/Air       0%         3x3d6     100%        6
 Haunt                    Necr/Summ      0%         N/A       100%        7
 Borgnjor's Revivificati  Necr           0%         N/A       100%        8
 Discord                  Hex            0%         N/A       100%        8
 Disjunction              Tloc           0%         N/A       100%        8
 Ignition                 Fire           0%         3d3       100%        8
 Death's Door             Necr           0%         N/A       100%        9


Dungeon Overview and Level Annotations

Branches:
Dungeon (13/15)            Temple (1/1) D:4            Lair (5/5) D:10
  Swamp (0/4) Lair:3       Spider (0/4) Lair:2        Slime (0/5) Lair:5
    Orc (0/2) D:11
 Vaults: D:13-14

Altars:
Ashenzari
Cheibriados
Dithmenos
Fedhas
Gozag
Hepliaklqana
Kikubaaqudgha
Makhleb
Nemelex Xobeh
Okawaru
Qazlal
Ru
Sif Muna
Trog
Uskayaw
Vehumet
Wu Jian
Xom
Yredelemnul
Jiyva


Innate Abilities, Weirdness & Mutations

You have a pair of small horns on your head.
You sometimes gain power by taking damage.
You are completely covered in sharp spines.


Message History

You focus on the pain.
You feel very mighty all of a sudden.
The skyshark enters a blood-rage!
You block the skyshark's attack. The skyshark barely misses you.
You puncture the skyshark!
The skyshark looks as sick as possible!
You headbutt the skyshark!
The skyshark is severely wounded.
You block the rime drake's attack.
The merfolk avatar chants its luring song.
Unknown command.
You puncture the skyshark!
The skyshark looks as sick as possible!
The skyshark is almost dead.
The skyshark bites you.
* * * LOW HITPOINT WARNING * * *
The skyshark tail-slaps you.
* * * LOW HITPOINT WARNING * * *
The skyshark misses you. The rime drake breathes ice at you.
The icy flash freeze misses you.
You hear an angry hiss.
Unknown command.
Unknown command.
You hit the skyshark.
The skyshark looks as sick as possible!
You kill the komodo dragon!
You are no longer entranced.
You kill the merfolk avatar!
You headbutt the skyshark.
You kill the skyshark!
The rime drake bites you.
* * * LOW HITPOINT WARNING * * *
Unknown command.
You stomp with the beat, sending a shockwave through the revellers around you!
You kill the rime drake!
The sea snake is moderately wounded.
The sea snake is struck by your spines. The sea snake bites you!
* * * LOW HITPOINT WARNING * * *
You focus on the pain.
You feel your power returning.
A wind drake comes into view.
The sea snake is struck by your spines. The sea snake bites you!
You die... ...#~~~# .~~~........ ..~~~~~# ~~ ![[:

~~#~~~~...##... †..~~..# ~~##'.~
~P#~~~~...###.. ..~#~~~# P~8~~~.
~~#~~##~...##.. ..~##~~# ~~~~†~
~⌠ ~~##~....... ..~~~~~#
###~~~k##~##~~~~~....... ..~~~~~#
~P~~~~†~.~8#~~.~........ ...##~~#
#.#~~8S#~#~#~~##~....... ..~~#~.#
~~~~~~~@~~~#~~##~.......
..~~~~~##P###~P###~##~~~~~.......
...~~~~~~~~~P~~.~~~~~~~~~~.......
...##~~~#~~.#~~##~~~..~##........
..~##.~##.~##~~##~~~#~~~~.......#
)....~~.~.~~~...~~..~..~~.......#
P......†...P..†..P.......#.....##
..........#.....................#
..........#.....................#


You could see a sea snake and a wind drake (repels missiles).

Vanquished Creatures
  7 hydras
  Harold (D:10)
  A merfolk avatar (Lair:5)
  A catoblepas (Lair:4)
  A boulder beetle (D:12)
  A two-headed ogre (D:11)
  Urug (D:10)
  3 skysharks
  3 manticores
  A cyclops (D:11)
  5 black mambas
  An elephant (Lair:5)
  2 unseen horrors
  12 cane toads
  An eye of devastation (Lair:5)
  A torpor snail (Lair:5)
  10 komodo dragons
  4 rime drakes
  A polar bear (Lair:3)
  2 trolls
  2 hornets
  A glass eye (Lair:5)
  8 blink frogs
  A slime creature (D:12)
  A spriggan (Lair:3)
  Sigmund (D:4)
  5 shadows
  28 yaks
  5 wyverns
  A vampire (D:10)
  3 wraiths
  4 basilisks
  9 vampire mosquitoes
  2 steam dragons (Lair:5)
  3 wargs
  3 swamp worms (Lair:3)
  3 acid dragons
  16 water moccasins
  7 orc warriors
  4 black bears
  A sky beast (D:7)
  3 wolves (Lair:3)
  4 centaurs
  A phantom (D:6)
  4 kobold brigands
  A scorpion (D:7)
  10 bullfrogs
  17 killer bees
  2 howler monkeys (D:12)
  6 hounds
  10 orc priests
  4 gnoll boudas
  6 iguanas
  2 jellies
  2 sleepcaps
  6 hell rats (Lair:1)
  10 orc wizards
  29 gnolls
  7 adders
  3 white imps
  4 ufetubi (D:6)
  2 worms
  3 dart slugs
  38 orcs
  4 ball pythons
  11 endoplasms
  4 giant cockroaches
  5 goblins
  4 hobgoblins
  4 jackals
  29 kobolds
  6 quokkas
  5 bats
  2 frilled lizards
  9 rats
424 creatures vanquished.

Notes
Turn   | Place    | Note
-------+----------+-------------------------------------------
     0 | D:1      | grandjackal the Demonspawn Gladiator began the quest for
                  | the Orb.
     0 | D:1      | Reached XP level 1. HP: 16/16 MP: 1/1
    60 | D:1      | Gained mutation: You have a pair of small horns on your
                  | head. [demonic ancestry]
    60 | D:1      | Reached XP level 2. HP: 22/22 MP: 2/2
   738 | D:1      | Found a faded altar of an unknown god.
   799 | D:1      | Gained mutation: You sometimes gain a little power by
                  | taking damage. [demonic ancestry]
   799 | D:1      | Reached XP level 3. HP: 24/28 MP: 3/3
  1233 | D:2      | Gained mutation: You are partially covered in sharp spines.
                  | [demonic ancestry]
  1233 | D:2      | Reached XP level 4. HP: 31/35 MP: 4/4
  1905 | D:3      | Identified the +2 whip of Ipuvykh {heavy, *Slow Fly Int-5
                  | Stlth+}
  2021 | D:3      | Identified the +4 ring mail "Jypapn Satum" {rC+ Int+3}
  2537 | D:3      | Reached XP level 5. HP: 41/41 MP: 5/5
  2763 | D:4      | Found a staircase to the Ecumenical Temple.
  2780 | Temple   | Entered the Ecumenical Temple
  2839 | Temple   | Became a worshipper of Uskayaw the Reveller
  2899 | D:4      | Reached * piety under Uskayaw
  2901 | D:4      | Reached ** piety under Uskayaw
  2904 | D:4      | Reached *** piety under Uskayaw
  2905 | D:4      | Reached skill level 1 in Invocations
  2905 | D:4      | Gained mutation: You are mostly covered in sharp spines.
                  | [demonic ancestry]
  2905 | D:4      | Reached XP level 6. HP: 46/48 MP: 6/6
  2907 | D:4      | Reached **** piety under Uskayaw
  3145 | D:4      | Noticed Sigmund
  3155 | D:4      | Killed Sigmund
  3156 | D:4      | Reached skill level 2 in Invocations
  3218 | D:4      | Reached XP level 7. HP: 55/55 MP: 9/9
  3714 | D:5      | Identified the "Aroargh"
  3714 | D:5      | Entered Level 5 of the Dungeon
  3807 | D:5      | Reached skill level 3 in Invocations
  3809 | D:5      | Reached ***** piety under Uskayaw
  3983 | D:5      | Found a bloodstained altar of Trog.
  4298 | D:5      | Found an opulent altar of Gozag.
  4503 | D:6      | Found a blossoming altar of Fedhas.
  4595 | D:6      | Reached skill level 5 in Long Blades
  4595 | D:6      | Reached skill level 5 in Dodging
  4595 | D:6      | Reached skill level 4 in Invocations
  4598 | D:6      | Reached skill level 5 in Fighting
  4663 | D:6      | Gained mutation: You are completely covered in sharp
                  | spines. [demonic ancestry]
  4663 | D:6      | Reached XP level 8. HP: 62/62 MP: 11/11
  4746 | D:6      | Reached skill level 5 in Invocations
  5021 | D:6      | Noticed a manticore
  5024 | D:6      | Reached skill level 6 in Invocations
  5035 | D:6      | Killed a manticore
  5036 | D:6      | Reached skill level 7 in Invocations
  5036 | D:6      | Reached XP level 9. HP: 23/71 MP: 12/14
  5351 | D:6      | Found a broken altar of Ashenzari.
  5351 | D:6      | Found a shimmering altar of Xom.
  5359 | D:6      | Found a basalt altar of Yredelemnul.
  5361 | D:6      | Found a faded altar of an unknown god.
  5574 | D:7      | Identified the +4 sling of Makhleb, Scorching {freeze,
                  | rElec rN++ Will- SInv}
  5655 | D:7      | Reached skill level 8 in Invocations
  6502 | D:8      | Reached skill level 9 in Invocations
  7371 | D:8      | Reached XP level 10. HP: 71/82 MP: 17/17
  7564 | D:8      | Reached skill level 10 in Invocations
  7874 | D:9      | Paralysed by a hornet for 3 turns
  8720 | D:9      | Reached skill level 11 in Invocations
  8754 | D:9      | You fall into a shaft and drop 1 floor!
  8754 | D:10     | Entered Level 10 of the Dungeon
  9093 | D:10     | Found a staircase to the Lair.
  9276 | D:10     | Noticed Urug
  9295 | D:10     | Killed Urug
  9295 | D:10     | Noticed Harold
  9307 | D:10     | Killed Harold
  9308 | D:10     | Reached skill level 10 in Fighting
  9308 | D:10     | Reached XP level 11. HP: 6/90 MP: 10/19
  9821 | D:11     | Reached skill level 12 in Invocations
  9883 | D:11     | Noticed a two-headed ogre
 10075 | D:11     | Killed a two-headed ogre
 10456 | D:11     | Reached ****** piety under Uskayaw
 10473 | D:11     | Found a staircase to the Orcish Mines.
 10766 | D:11     | Reached skill level 10 in Long Blades
 11398 | D:12     | Reached skill level 13 in Invocations
 11471 | D:12     | Noticed a boulder beetle
 11486 | D:12     | Reached skill level 1 in Shields
 11491 | D:12     | Killed a boulder beetle
 12331 | D:13     | Noticed a red ugly thing
 12391 | Lair:1   | Entered Level 1 of the Lair of Beasts
 12700 | Lair:1   | Reached XP level 12. HP: 58/99 MP: 22/22
 13499 | Lair:2   | Identified the ring "Etwahox" {Fly rElec Str-4 Stlth+}
 13609 | Lair:2   | Reached skill level 14 in Invocations
 13862 | Lair:2   | Found a hole to the Spider Nest.
 15138 | Lair:3   | Noticed a seven-headed hydra
 15147 | Lair:3   | Killed a seven-headed hydra
 15460 | Lair:3   | Noticed an eight-headed hydra
 15702 | Lair:3   | Noticed an eight-headed hydra
 15722 | Lair:3   | Killed an eight-headed hydra
 15723 | Lair:3   | Reached skill level 15 in Invocations
 15939 | Lair:3   | Found a staircase to the Swamp.
 16281 | Lair:3   | Killed an eight-headed hydra
 16549 | Lair:4   | Gained mutation: You sometimes gain power by taking damage.
                  | [demonic ancestry]
 16549 | Lair:4   | Reached XP level 13. HP: 71/109 MP: 24/24
 16598 | Lair:4   | You fall into a shaft and drop 1 floor!
 16598 | Lair:5   | Entered Level 5 of the Lair of Beasts
 17593 | Lair:5   | HP: 4/111 [steam dragon/ball of steam (19)]
 17594 | Lair:5   | Reached skill level 16 in Invocations
 17717 | Lair:5   | Found a viscous altar of Jiyva.
 17717 | Lair:5   | Found a staircase to the Slime Pits.
 17985 | Lair:5   | Identified the +0 ring mail "Cuojim" {Slay+5}
 18380 | Lair:5   | Slain by a sea snake

Illustrated notes

Levels and vault maps discovered:
D:1:      lightli_arrival_statue_moat, layout_basic,
          shapermc_ecumenical_altar_totnotflames
D:2:      layout_basic, grunt_ministairs_1
D:3:      layout_loops_corners
D:4:      layout_cave_pods, minmay_temple_entry_proselytizer, uniq_sigmund
D:5:      layout_loops_ring, trog_book, mainiacjoe_overflow_alcove_1,
          chequers_serial_rivers_small_b, minivault_11, serial_bayou_pond_e
D:6:      minmay_cornered_nines, layout_cave_pools, old_standard_altar,
          chequers_temple_overflow_minitemple, grunt_ministairs_8
D:7:      layout_gridville, minmay_checkerbox
D:8:      layout_basic, due_unseen_surprise
D:9:      layout_basic
D:10:     layout_basic, erik_lair_orcish_takeover, uniq_harold, uniq_urug
D:11:     layout_irregular_city, erik_orc_3, serial_column_ruins,
          column_ruins_square_huge, column_ruins_circle_small,
          column_ruins_corridor_T, column_ruins_corridor_corner,
          column_ruins_columns_straight, column_ruins_open_tiny,
          column_ruins_open_tiny, column_ruins_open_tiny
D:12:     layout_small_grid
D:13:     layout_big_octagon, erik_vaults_1, ebering_ghost_disaster_area
Temple:   minmay_freezing_vapour_temple
Lair:1:   layout_misc_corridors, grunt_megastairs_1, lemuel_fruit_tree
Lair:2:   beast_lair_carwin_large_1, layout_gridlike, dummy_spider_entry,
          serial_bayou_shore_a
Lair:3:   layout_cave_pods, palyth_hydra_swamp_entry, st_stairs_5,
          forest_entry_grove, infiniplex_staircase_pool
Lair:4:   layout_roguey, chequers_serial_rivers_room_b, lemuel_fruit_fields,
          grunt_megastairs_4
Lair:5:   gammafunk_lair_ancient_temple, layout_gridlike,
          minmay_slime_entry_eyes

Skill      XL: |  1  2  3  4  5  6  7  8  9 10 11 12 13 |
---------------+----------------------------------------+-----
Throwing       | 2 |  2.1
Dodging        | 3 4 5 |  5.0
Long Blades    | 3 4 5 6 7 9 10 11 12 | 12.7
Fighting       | 3 4 5 6 8 10 11 12 13 | 13.7
Invocations    | 1 2 4 7 9 11 13 15 16 | 16.7
Shields        | 2 4 |  4.0

Action                     |  1- 3 |  4- 6 |  7- 9 | 10-12 | 13-15 || total
---------------------------+-------+-------+-------+-------+-------++-------
  Melee: Long sword        |    67 |   105 |    63 |       |       ||   235
         Headbutt          |    10 |    12 |    52 |   144 |    73 ||   291
         Punch             |       |     2 |     3 |    10 |       ||    15
         Dagger            |       |       |   169 |   542 |   219 ||   930
  Throw: Stone             |     2 |     5 |     7 |       |       ||    14
         Dart              |       |     5 |       |       |       ||     5
         Throwing net      |       |       |     2 |     5 |       ||     7
 Invoke: Grand Finale      |       |       |       |     1 |       ||     1
         Stomp             |       |       |       |     1 |     3 ||     4
  Evoke: Wand              |       |       |     1 |    13 |     2 ||    16
    Use: Scroll            |       |       |    11 |    10 |       ||    21
         Potion            |       |       |       |       |     2 ||     2
   Stab: Paralysed         |       |     2 |    14 |    49 |    21 ||    86
         Held in net/web   |       |       |     1 |     5 |       ||     6
 Armour: Leather armour    |     3 |       |       |       |       ||     3
         Ring mail         |    29 |    53 |   134 |   275 |   139 ||   630
  Dodge: Dodged            |    36 |    60 |   135 |   288 |    91 ||   610
  Block: Buckler           |       |       |       |    46 |    38 ||    84
         Reflection        |       |       |       |       |     2 ||     2

Table legend: (Time is in decaauts)
 A = Elapsed time spent in this place.
 B = Non-inter-level travel time spent in this place.
 C = Inter-level travel time spent in this place.
 D = Time resting spent in this place.
 E = Time spent auto-exploring this place.
 F = Levels seen in this place.
 G = Mean time per level.
                   A        B        C        D        E       F      G
               +--------+--------+--------+--------+--------+-----+--------+
         Total |  18198 |  17657 |    541 |   4339 |  10640 |  19 |  957.8 |
       Dungeon |  12272 |  11852 |    420 |   2630 |   7502 |  13 |  944.0 |
        Temple |     64 |     59 |      5 |     54 |      0 |   1 |   64.0 |
          Lair |   5861 |   5745 |    116 |   1655 |   3138 |   5 | 1172.2 |
               +--------+--------+--------+--------+--------+-----+--------+

Top non-repeatable levels by time:
  Lair:3: 1704 daAuts
  Lair:2: 1465 daAuts
    D:10: 1299 daAuts
     D:8: 1242 daAuts
    D:11: 1196 daAuts
     D:7: 1152 daAuts
    D:12: 989 daAuts
     D:1: 983 daAuts
  Lair:4: 972 daAuts
     D:9: 970 daAuts
     D:6: 954 daAuts
     D:3: 908 daAuts
     D:2: 900 daAuts
     D:4: 894 daAuts
  Lair:5: 880 daAuts
